 Dungeon Crawl Stone Soup version 0.31-a0-157-g0643eb4156 (webtiles) character file.

Game seed: 12857260761241031899

106 qw the Chopper (level 4, 0/28 HPs)
             Began as a Gargoyle Fighter on June 12, 2023.
             Slain by a gnoll
             ... wielding a +0 halberd
              (2 damage)
             ... on level 3 of the Dungeon.
             The game lasted 00:00:57 (1211 turns).

qw the Chopper (Gargoyle Fighter)                   Turns: 1211, Time: 00:00:58

Health: 0/28       AC: 14    Str: 22    XL:     4   Next: 84%
Magic:  4/4        EV:  9    Int:  8    God:
Gold:   78         SH:  4    Dex:  9    Spells: 3/3 levels left

rFire   . . .        Y - +0 war axe
rCold   . . .        c - +0 buckler
rNeg    + . .        b - +0 scale mail
rPois   inf          (no helmet)
rElec   +            (no cloak)
rCorr   .            (no gloves)
SInv    .            (no boots)
Will    .....        (no amulet) Stlth
                     h - +4 ring of protection
HPRegen 0.24/turn    (no ring)
MPRegen 0.09/turn

%: no passive effects
@: no status effects
A: sickness immunity, AC +3, negative energy resistance 1, electricity
resistance, torment resistance 1, petrification resistance
a: no special abilities


You were on level 3 of the Dungeon.
You visited 1 branch of the dungeon, and saw 3 of its levels.

You collected 100 gold pieces.
You spent 22 gold pieces at shops.


Innate Abilities, Weirdness & Mutations

You are immune to sickness and miasma.
Your stone body is resilient. (AC +3)
You are immune to poison.
You resist negative energy. (rN+)
You are resistant to electric shocks. (rElec)
You are resistant to unholy torment.
You are immune to petrification.


   Skills:
 - Level 3.2 Fighting
 + Level 4.4 Axes
 - Level 3.2 Armour
 - Level 3.2 Shields


You had 3 spell levels left.
You didn't know any spells.
Your spell library was empty.

Inventory:

Hand Weapons
 k - a +0 club
 Y - a +0 war axe (weapon)
Armour
 b - a +0 scale mail (worn)
 c - a +0 buckler (worn)
Jewellery
 h - a +4 ring of protection (left hand)
 o - a ring of ice
Scrolls
 j - a scroll of identify
Potions
 a - a potion of curing {unknown}
 d - 2 potions of might
 f - a potion of haste {unknown}
 g - a potion of degeneration {unknown}
 i - a potion of attraction
 n - a potion of cancellation {unknown}

Dungeon Overview and Level Annotations

Branches:
Dungeon (3/15)

Altars:

Shops:
D:2 ((:=


Message History

The gnoll hits you with a +0 halberd. The gnoll hits you but does no damage.
The gnoll closely misses you. You block the gnoll's attack.
You completely miss the gnoll.
The gnoll is lightly wounded.
You barely miss the gnoll. You slash the gnoll!
The gnoll closely misses you. x3; The gnoll completely misses you.
You hit the gnoll but do no damage.
The gnoll is almost dead.
You hit the gnoll. You barely miss the gnoll. The gnoll closely misses you.
You block the gnoll's attack. The gnoll closely misses you. x2
You closely miss the gnoll.
The gnoll is almost dead.
You closely miss the gnoll. x2
The gnoll hits you with a +0 spear. The gnoll completely misses you.
The gnoll hits you from afar with a +0 halberd.
The gnoll closely misses you.
You barely miss the gnoll.
The gnoll is almost dead.
You hit the gnoll. You slash the gnoll! The gnoll hits you but does no damage.
The gnoll barely misses you.
The gnoll hits you from afar with a +0 halberd.
You block the gnoll's attack. The gnoll barely misses you.
The gnoll hits you but does no damage. The gnoll barely misses you.
1208 ||| DRINKING potion of heal wounds.
You feel much better. The gnoll hits you with a +0 spear.
You block the gnoll's attack.
The gnoll hits you from afar with a +0 halberd!
The gnoll hits you with a +0 halberd!
You slash the gnoll!
You kill the gnoll!
You hit the gnoll.
You kill the gnoll!
You closely miss the gnoll. You block the gnoll's attack.
The gnoll barely misses you.
You slash the gnoll!
You kill the gnoll!
The gnoll barely misses you. The gnoll hits you with a +0 halberd.
You die...

#...# #...#
#####...#####
#...........#
...........
.......
##.g.##
##..@).##
#..).)..#
##.....##
##...## ##.##
####.# #....#
#######.####
#...#......#


You could see a gnoll.

Vanquished Creatures
  3 adders
  3 gnolls (D:3)
  A worm (D:2)
  A dart slug (D:1)
  5 bats
  5 endoplasms
  3 goblins (D:1)
  3 hobgoblins
  3 jackals (D:3)
  3 kobolds
  4 quokkas
  4 ball pythons
  A frilled lizard (D:2)
  7 rats
46 creatures vanquished.

Notes
Turn   | Place    | Note
-------+----------+-------------------------------------------
     0 | D:1      | qw the Gargoyle Fighter began the quest for the Orb.
     0 | D:1      | Reached XP level 1. HP: 14/14 MP: 1/1
     0 | D:1      | 0 ||| qw: Version: 0.2-a-29-gc1b59c4
     0 | D:1      | 0 ||| qw: Game counter: 4120
     0 | D:1      | 0 ||| qw: Always use a shield: true
     0 | D:1      | 0 ||| qw: God list: Okawaru
     0 | D:1      | 0 ||| qw: Allow faded altars: false
     0 | D:1      | 0 ||| qw: Do Orc after D:15 true
     0 | D:1      | 0 ||| qw: Do second Lair branch before Depths: true
     0 | D:1      | 0 ||| qw: Lair rune preference: random
     0 | D:1      | 0 ||| qw: Plans: Normal, Zot:1-4, Slime:5, God:TSO, Crypt,
                  | Tomb, Abyss, Pan, Hells, Win
     0 | D:1      | 0 ||| PLANNING D:1-11
    16 | D:1      | Reached skill level 2 in Axes
    16 | D:1      | 16 ||| FLEEEEING.
    17 | D:1      | 17 ||| FLEEEEING.
    18 | D:1      | 18 ||| FLEEEEING.
    19 | D:1      | 19 ||| FLEEEEING.
    20 | D:1      | 20 ||| FLEEEEING.
    60 | D:1      | Reached XP level 2. HP: 17/19 MP: 2/2
   332 | D:1      | Reached skill level 3 in Axes
   415 | D:1      | Reached XP level 3. HP: 23/23 MP: 3/3
   452 | D:1      | 452 ||| UPGRADING to +4 ring of protection.
   453 | D:1      | 453 ||| READING scroll labelled FACLUO SECZUITH.
   535 | D:2      | Found Leumyvvo's Antique Weapon Shoppe.
   547 | D:2      | 547 ||| BUYING club (22 gold).
   547 | D:2      | Bought a club for 22 gold pieces
   547 | D:2      | 547 ||| SHOPLISTING flail (77 gold, have 21).
   547 | D:2      | 547 ||| SHOPLISTING mace (66 gold, have 21).
   547 | D:2      | 547 ||| SHOPLISTING runed flail (143 gold, have 21).
   547 | D:2      | 547 ||| SHOPLISTING whip (55 gold, have 21).
   558 | D:2      | Found Suser's Book Shop.
   579 | D:2      | Found Doipn's Jewellery Boutique.
   591 | D:2      | 591 ||| SHOPLISTING +4 ring of protection (504 gold, have
                  | 21).
   591 | D:2      | 591 ||| SHOPLISTING amulet of reflection (420 gold, have
                  | 21).
   591 | D:2      | 591 ||| SHOPLISTING amulet of regeneration (420 gold, have
                  | 21).
   591 | D:2      | 591 ||| SHOPLISTING ring of fire (350 gold, have 21).
   591 | D:2      | 591 ||| SHOPLISTING ring of protection from fire (350 gold,
                  | have 21).
   591 | D:2      | 591 ||| SHOPLISTING ring of willpower (350 gold, have 21).
   678 | D:2      | Found Ybeotis's Antique Armour Emporium.
   702 | D:2      | 702 ||| Stepping ~*~*~tactically~*~*~ (stealth).
   705 | D:2      | 705 ||| Stepping ~*~*~tactically~*~*~ (stealth).
   730 | D:2      | Reached XP level 4. HP: 28/28 MP: 4/4
   839 | D:2      | 839 ||| Stepping ~*~*~tactically~*~*~ (hiding).
  1083 | D:2      | Found Elit's Weapon Boutique.
  1091 | D:2      | 1091 ||| SHOPLISTING +1 heavy mace (173 gold, have 61).
  1120 | D:2      | 1120 ||| READING scroll labelled GOIKKA OLLOCIT.
  1121 | D:2      | 1121 ||| READING 3 scrolls labelled XUSEOB UCKITO.
  1122 | D:2      | 1122 ||| READING scroll labelled MODI MARPHO.
  1123 | D:2      | 1123 ||| READING scroll labelled ZAJON RUUWA.
  1124 | D:2      | 1124 ||| DRINKING 2 amethyst potions.
  1125 | D:2      | 1125 ||| READING 2 scrolls of identify.
  1125 | D:2      | 1125 ||| IDENTIFYING grey potion
  1159 | D:3      | Reached skill level 4 in Axes
  1207 | D:3      | HP: 7/28 [gnoll/+0 halberd (3)]
  1208 | D:3      | 1208 ||| DRINKING potion of heal wounds.
  1208 | D:3      | HP: 1/28 [gnoll/+0 halberd (10)]
  1211 | D:3      | Slain by a gnoll

Levels and vault maps discovered:
D:1:      wander_arrival_abandoned_jail, layout_rooms, minmay_tetromino_l2
D:2:      layout_rooms, serial_shops, shop, nicolae_shop_bloodbath_and_beyond,
          shop_fountains, shop, shop_fountains
D:3:      layout_loops_cross, zin_angel, uniq_sigmund

Skill      XL: |  1  2  3  4 |
---------------+-------------+-----
Axes           | 2 3 4 |  4.4
Fighting       | |  3.2
Armour         | |  3.2
Shields        | |  3.2

Action                     |  1- 3 |  4- 6 || total
---------------------------+-------+-------++-------
  Melee: War axe           |   101 |    43 ||   144
    Use: Scroll            |     1 |     5 ||     6
         Potion            |       |     2 ||     2
 Armour: Scale mail        |    45 |    28 ||    73
  Dodge: Dodged            |    43 |    35 ||    78
  Block: Buckler           |    17 |    11 ||    28

Table legend:
 A = Non-vault XP
 B = Vault XP
 C = Vault XP percentage of total XP
 D = Non-vault monster count
 E = Vault monster count
 F = Vault count percentage of total count
                 A         B        C        D         E       F
            +---------+---------+-------+---------+---------+-------
      Total |     151 |       1 |   0.7 |      45 |       1 |   2.2
            +---------+---------+-------+---------+---------+-------
        D:1 |      33 |       1 |   2.9 |      18 |       1 |   5.3
        D:2 |      56 |       0 |   0.0 |      19 |       0 |   0.0
        D:3 |      62 |       0 |   0.0 |       8 |       0 |   0.0
            +---------+---------+-------+---------+---------+-------
